 Dungeon Crawl Stone Soup version 0.22-a0-254-gaf95ca0 (webtiles) character file.

18052 ryw the Carver (level 12, -8/100 HPs)
             Began as a Barachi Fighter on Mar 4, 2018.
             Was a High Priest of Okawaru.
             Engulfed by an ice statue's freezing vapour (36 damage)
             ... in an ice cave.
             The game lasted 00:35:15 (12951 turns).

ryw the Carver (Barachi Fighter)                   Turns: 12951, Time: 00:35:15

Health: -8/100     AC: 26    Str: 25    XL:     12   Next: 54%
Magic:  12/12      EV:  6    Int: 10    God:    Okawaru [*****.]
Gold:   356        SH: 11    Dex:  7    Spells: 11/11 levels left

rFire    + . .     SeeInvis +   a - +2 Maxwell's thermic engine {flame, freeze, rF- rC-}
rCold    x . .     Gourm    .   c - +0 shield
rNeg     + + +     Faith    .   M - +0 plate armour
rPois    .         Spirit   .   s - +0 helmet
rElec    .         Reflect  .   w - +1 cloak
rCorr    .         Harm     +   n - +2 pair of gloves
MR       .....     Clarity  +   D - +0 pair of boots
Stlth    ..........             K - amulet "Utapierph" {Harm *Drain rF++ rN+++ Str+4 Dex-5}
HPRegen  0.66/turn              z - ring of see invisible
MPRegen  0.13/turn              (no ring)

@: slow
A: +LOS, swims, iridescent scales 1, clarity, regeneration 1, slowness 1, strong
legs 1
a: Hop, Heroism, Finesse, Renounce Religion


You were in an ice cave.
You worshipped Okawaru.
Okawaru was extremely pleased with you.
You were not hungry.

You visited 2 branches of the dungeon, and saw 11 of its levels.
You also visited: Ice Cave.

You collected 800 gold pieces.
You spent 444 gold pieces at shops.

Inventory:

Hand Weapons
 a - the +2 Maxwell's thermic engine (weapon) {flame, freeze, rF- rC-}
   (You bought it in a shop on level 6 of the Dungeon)

   It has been specially enchanted to burn those struck by it, causing extra
   injury to most foes and up to half again as much damage against particularly
   susceptible opponents.
   Big, fiery blades are also staple armaments of hydra-hunters.
   It makes you vulnerable to fire.
   It makes you vulnerable to cold.
 b - a +0 blowgun
   (You took it off a kobold on level 3 of the Dungeon)
 L - a +1 demon blade of draining
   (Okawaru gifted it to you in an ice cave)
Missiles
 g - 5 javelins
 j - 135 arrows
 m - 4 tomahawks of dispersal {!f}
 o - 8 tomahawks of returning
 p - 8 needles of paralysis
 q - 11 curare-tipped needles {!f}
 J - 2 poisoned needles
 N - 5 tomahawks (quivered)
 P - 3 poisoned javelins
 T - 3 needles of sleeping
 W - 3 poisoned tomahawks
Armour
 c - a +0 shield (worn)
 n - a +2 pair of gloves (worn)
   (You found it on level 1 of the Dungeon)
 s - a +0 helmet (worn)
   (You took it off Robin on level 3 of the Dungeon)
 w - a +1 cloak (worn)
   (You found it on level 2 of the Dungeon)
 D - a +0 pair of boots (worn)
   (You found it on level 9 of the Dungeon)
 M - a +0 plate armour (worn)
   (You found it on level 9 of the Dungeon)
 X - a +0 buckler of reflection
   (You took it off a gnoll sergeant on level 8 of the Dungeon)
Jewellery
 z - a ring of see invisible (left hand)
   (You found it on level 6 of the Dungeon)
 C - an uncursed ring of fire
   (You found it on level 1 of the Lair of Beasts)
 K - the amulet "Utapierph" (around neck) {Harm *Drain rF++ rN+++ Str+4 Dex-5}
   (You found it on level 7 of the Dungeon)

   [amulet of harm]

   It increases damage dealt and taken.
   It affects your strength (+4).
   It affects your dexterity (-5).
   It greatly protects you from fire.
   It renders you almost immune to negative energy.
   It causes draining when unequipped.
 V - an uncursed ring of positive energy
   (You found it on level 8 of the Dungeon)
Wands
 d - a wand of iceblast (29)
   (You found it on level 5 of the Dungeon)
 u - a wand of paralysis (10)
   (You found it in an ice cave)
 v - a wand of digging (16)
   (You found it on level 2 of the Dungeon)
 x - a wand of acid (9)
   (You found it in an ice cave)
 E - a wand of scattershot (2)
   (You found it on level 5 of the Dungeon)
 O - a wand of enslavement (9)
   (You found it on level 1 of the Lair of Beasts)
Scrolls
 i - 5 scrolls of enchant armour
 k - 3 scrolls of identify {@r1}
 r - 11 scrolls of remove curse {@r2}
 y - 2 scrolls of teleportation {@r4}
 A - 4 scrolls of blinking
 I - a scroll of magic mapping
 R - a scroll of immolation {!r}
 U - 2 scrolls of enchant weapon
Potions
 f - 5 potions of curing {@q1}
 h - 2 potions of haste {@q3}
 l - a potion of heal wounds {@q2}
 t - a potion of lignification {unknown}
 B - 2 potions of degeneration {!q}
 F - a potion of flight
 G - a potion of mutation {!q}
 S - 2 potions of brilliance
 Z - a potion of might
Comestibles
 e - 20 rations


   Skills:
 + Level 11.1 Fighting
 * Level 14.9 Long Blades
 + Level 6.5 Throwing
 + Level 11.6 Armour
 + Level 7.2 Shields


You had 11 spell levels left.
You didn't know any spells.

Dungeon Overview and Level Annotations

Branches:
Dungeon (9/15)             Temple (0/1) D:6            Lair (2/6) D:8
  Swamp: Lair:2-4    Shoals: Lair:2-4     Snake: Lair:2-4    Spider: Lair:2-4
    Orc: D:9-12

Altars:
Hepliaklqana
Kikubaaqudgha
Nemelex Xobeh
Okawaru
Ru
Wu Jian
The Shining One

Shops:
D:6 (

Annotations:
D:4 Pikel; Rucks's ghost, novice VSAs
D:7 Muffindrake's ghost, novice FeEn
D:9 heteroy's ghost, novice GrCK
Lair:2 exclusion: oklob plant IceCv exclusion: ice statue


Innate Abilities, Weirdness & Mutations

Shadows flee at your approach. (+LOS)
You can swim through water.
You cover ground slowly.
You can hop short distances.
You are partially covered in iridescent scales. (AC +2)
You possess an exceptional clarity of mind.
Your natural rate of healing is unusually fast.


Message History

Your plate armour prevents you from hitting the wolf.
The wolf bites you. The wolf bites you but does no damage.
You miss the wolf.
You are feeling hungry.
You block the wolf's attack.
You hit the wolf but do no damage. You freeze the wolf.
The wolf bites you but does no damage.
You slash the wolf! You burn the wolf. You freeze the wolf.
The wolf bites you but does no damage. The wolf bites you.
You barely miss the wolf. The wolf closely misses you.
You riposte.
You miss the wolf. You closely miss the wolf.
The wolf bites you but does no damage. x2
You slice the wolf!! You burn the wolf.
You kill the wolf!
Okawaru accepts your kill.
No target in view!
No target in view!
Eating one of 26 chunks of flesh.
You eat one of the 26 chunks of flesh.
You butcher the wolf corpse.
H - 29 chunks of flesh (gained 4)
You butcher the wolf corpse.
H - 32 chunks of flesh (gained 3)
You see here a wolf skeleton. x2
You butcher the wolf corpse.
H - 33 chunks of flesh (gained 1)
You see here a wolf skeleton.
Found 66 gold pieces.
You now have 303 gold pieces (gained 13).
You now have 322 gold pieces (gained 19).
You now have 338 gold pieces (gained 16).
You now have 356 gold pieces (gained 18).
You see here a wolf skeleton.
Some of the chunks of flesh in your inventory have rotted away.
Some of the chunks of flesh in your inventory have rotted away.
Partly explored, can't reach some places.
Partly explored, can't reach some places.
Some of the chunks of flesh in your inventory have rotted away.
All of the chunks of flesh in your inventory have rotted away.
Really walk into a travel-excluded area? [Y]es or [N]o only, please.
Really walk into a travel-excluded area?
The ice statue gestures at you.
The ice statue gestures.
Unknown command.
You are engulfed in freezing vapours.
You are engulfed in freezing vapours.
* * * LOW HITPOINT WARNING * * *
You are engulfed in freezing vapours.
* * * LOW HITPOINT WARNING * * *
You are engulfed in freezing vapours.
You die...

# #### ## ######..###
..### ...#...#..###
#..... ##...#####..#
#§.8..#
#.####.##..########
#§§..#
.###..#..#...##.@§##§§.#
###..########...##§Y.# #
#### ##########


You could see an ice beast.

Vanquished Creatures
  3 hydras (Lair:2)
  A two-headed ogre (D:8)
  The ghost of bumaa the Cleaver, a novice MiBe of Trog (D:8)
  An oklob plant (Lair:1)
  A black mamba (Lair:1)
  3 spiny frogs (Lair:2)
  A komodo dragon (Lair:2)
  A troll (D:9)
  7 polar bears (IceCv)
  2 hippogriffs (Lair:2)
  Prince Ribbit (D:5)
  Grinder (D:5)
  Sigmund (D:4)
  20 yaks
  Grum (Lair:1)
  Eustachio (D:5)
  A basilisk (D:8)
  Menkaure (D:6)
  Edmund (D:4)
  3 water moccasins (Lair:1)
  5 porcupines
  2 sky beasts
  3 orc warriors
  22 wolves
  6 ogres
  2 phantoms
  4 centaurs
  4 big kobolds
  7 crocodiles
  The ghost of garbled the Ruffian, an amateur VSTm (D:3)
  5 bullfrogs
  A wyvern zombie (D:6)
  A gnoll sergeant (D:8)
  2 scorpions
  A howler monkey (D:9)
  3 wights (D:7)
  3 crimson imps
  A quasit (D:7)
  7 hounds
  5 orc priests
  2 jellies
  2 bullfrog skeletons (D:7)
  2 centaur skeletons (D:9)
  An iguana (D:6)
  5 orc wizards
  7 worker ants
  2 killer bee zombies
  A hound skeleton (D:6)
  A worker ant zombie (D:6)
  Robin (D:3)
  10 gnolls
  7 adders
  4 shadow imps
  2 adder zombies
  An adder skeleton (D:8)
  A dart slug (D:2)
  2 leopard geckos
  13 orcs
  A ball python (D:6)
  A giant cockroach (D:2)
  16 goblins
  13 hobgoblins
  7 jackals
  20 kobolds
  A quokka (D:3)
  A ball python zombie (D:6)
  8 bats
  7 frilled lizards
  A jackal skeleton (D:4)
  A leopard gecko zombie (D:5)
  4 rats
  A plant (Lair:1)
283 creatures vanquished.

Vanquished Creatures (others)
  A bush (D:8)
  2 fungi (D:8)
  6 plants
9 creatures vanquished.

Grand Total: 292 creatures vanquished

Notes
Turn   | Place    | Note
-------+----------+-------------------------------------------
     0 | D:1      | ryw the Barachi Fighter began the quest for the Orb.
     0 | D:1      | Reached XP level 1. HP: 18/18 MP: 1/1
    56 | D:1      | Reached skill level 3 in Long Blades
    56 | D:1      | Reached XP level 2. HP: 16/24 MP: 2/2
   244 | D:1      | Reached skill level 4 in Long Blades
   352 | D:1      | Reached XP level 3. HP: 26/29 MP: 3/3
   899 | D:2      | Noticed an orc warrior
   928 | D:2      | Found an iron altar of Okawaru.
   936 | D:2      | Became a worshipper of Warmaster Okawaru
  1246 | D:2      | Reached skill level 5 in Long Blades
  1246 | D:2      | Reached XP level 4. HP: 36/36 MP: 4/4
  1282 | D:2      | Killed an orc warrior
  1282 | D:2      | Reached skill level 6 in Long Blades
  1282 | D:2      | Reached XP level 5. HP: 12/41 MP: 5/5
  1750 | D:3      | Reached skill level 7 in Long Blades
  1923 | D:3      | Noticed garbled's ghost (amateur VSTm)
  1939 | D:3      | Killed garbled's ghost
  1939 | D:3      | Reached * piety under Okawaru
  1939 | D:3      | Reached XP level 6. HP: 43/49 MP: 6/6
  2049 | D:3      | Noticed Robin
  2254 | D:3      | Reached skill level 5 in Fighting
  2673 | D:3      | Killed Robin
  2967 | D:4      | Reached skill level 5 in Armour
  2967 | D:4      | Reached XP level 7. HP: 20/56 MP: 5/7
  3206 | D:4      | Noticed Sigmund
  3228 | D:4      | Killed Sigmund
  3276 | D:4      | Noticed Edmund
  3294 | D:4      | Killed Edmund
  3294 | D:4      | Reached ** piety under Okawaru
  3448 | D:4      | Noticed Rucks's ghost (novice VSAs)
  3454 | D:4      | Noticed Pikel
  3752 | D:5      | Entered Level 5 of the Dungeon
  3753 | D:5      | Noticed Grinder
  3776 | D:5      | Paralysed by Grinder for 2 turns
  3788 | D:5      | Paralysed by Grinder for 2 turns
  3794 | D:5      | Killed Grinder
  3794 | D:5      | Reached skill level 8 in Long Blades
  3794 | D:5      | Reached XP level 8. HP: 20/64 MP: 6/8
  4631 | D:5      | Noticed Prince Ribbit
  4639 | D:5      | Killed Prince Ribbit
  4639 | D:5      | Reached skill level 9 in Long Blades
  4766 | D:5      | Noticed Eustachio
  4798 | D:5      | Killed Eustachio
  4829 | D:5      | Reached skill level 1 in Throwing
  5121 | D:6      | Found Suyrghasi's Weapon Boutique.
  5131 | D:6      | Reached XP level 9. HP: 72/72 MP: 9/9
  5335 | D:6      | Reached skill level 10 in Long Blades
  5373 | D:6      | Found a staircase to the Ecumenical Temple.
  5513 | D:6      | Reached *** piety under Okawaru
  5540 | D:6      | Noticed Menkaure
  5548 | D:6      | Killed Menkaure
  5805 | D:6      | Found an ancient bone altar of Kikubaaqudgha.
  6724 | D:7      | Reached skill level 11 in Long Blades
  6884 | D:7      | Noticed Muffindrake's ghost (novice FeEn)
  7239 | D:7      | Found a hazy altar of Hepliaklqana.
  7278 | D:7      | Found a glowing golden altar of the Shining One.
  7809 | D:7      | Found a sacrificial altar of Ru.
  7809 | D:7      | Found an ornate altar of the Wu Jian Council.
  7811 | D:7      | Found a sparkling altar of Nemelex Xobeh.
  7816 | D:7      | Got a glittering silver amulet
  7817 | D:7      | Identified the amulet "Utapierph" {Harm *Drain rF++ rN+++ Str+4 Dex-5} (You found it on level 7 of the Dungeon)
  8024 | D:8      | Noticed a two-headed ogre
  8024 | D:8      | Noticed bumaa's ghost (novice MiBe)
  8137 | D:9      | Noticed a troll
  8152 | D:9      | Killed a troll
  8152 | D:9      | Reached XP level 10. HP: 53/82 MP: 7/10
  8659 | D:9      | Noticed heteroy's ghost (novice GrCK)
  8711 | D:8      | Reached skill level 12 in Long Blades
  9098 | D:6      | Bought the +2 Maxwell's thermic engine {flame, freeze, rF- rC-} for 444 gold pieces
  9098 | D:6      | Found the +2 Maxwell's thermic engine {flame, freeze, rF- rC-}
  9246 | D:8      | Killed bumaa's ghost
  9246 | D:8      | Received a gift from Okawaru
  9246 | D:8      | Reached **** piety under Okawaru
  9303 | D:8      | Found a staircase to the Lair.
  9326 | D:8      | Reached skill level 10 in Armour
  9342 | D:8      | Killed a two-headed ogre
  9342 | D:8      | Reached ***** piety under Okawaru
  9452 | D:8      | Reached XP level 11. HP: 89/89 MP: 11/11
  9499 | D:8      | Reached skill level 13 in Long Blades
  9592 | D:8      | Received a gift from Okawaru
 10007 | Lair:1   | Entered Level 1 of the Lair of Beasts
 10023 | Lair:1   | Reached skill level 5 in Shields
 10674 | Lair:1   | Noticed Grum
 10682 | Lair:1   | Reached skill level 10 in Fighting
 10684 | Lair:1   | Killed Grum
 10720 | Lair:1   | Noticed an oklob plant
 10731 | Lair:1   | Killed an oklob plant
 11549 | Lair:1   | Gained mutation: You possess an exceptional clarity of mind. [potion of mutation]
 11549 | Lair:1   | Gained mutation: Your natural rate of healing is unusually fast. [potion of mutation]
 11549 | Lair:1   | Gained mutation: You are partially covered in iridescent scales. (AC +2) [potion of mutation]
 11669 | Lair:2   | Reached skill level 5 in Throwing
 11734 | Lair:2   | Noticed a four-headed hydra
 11750 | Lair:2   | Killed a two-headed hydra
 11750 | Lair:2   | Received a gift from Okawaru
 11936 | Lair:2   | Reached skill level 14 in Long Blades
 12055 | Lair:2   | Noticed an eight-headed hydra
 12069 | Lair:2   | Killed a four-headed hydra
 12069 | Lair:2   | Received a gift from Okawaru
 12070 | Lair:2   | Noticed an oklob plant
 12148 | Lair:2   | Noticed a six-headed hydra
 12158 | Lair:2   | Killed a five-headed hydra
 12158 | Lair:2   | Received a gift from Okawaru
 12158 | Lair:2   | Reached XP level 12. HP: 99/99 MP: 12/12
 12164 | Lair:2   | Found a frozen archway.
 12175 | IceCv    | Entered an ice cave
 12400 | IceCv    | Received a gift from Okawaru
 12951 | IceCv    | Engulfed by an ice statue's freezing vapour

Vault maps used:
D:1:      saegor_arrival_simple_e
D:2:      okawaru_ov_weapons_minmay
D:3:      eino_tiny_chamber, minivault_19, uniq_robin
D:4:      first_ration, sigmund_edmund_badplayer, uniq_edmund, uniq_pikel
D:5:      grunt_ministairs_2, uniq_prince_ribbit1, uniq_eustachio, uniq_grinder
D:6:      lemuel_crystal_altar, minmay_temple_entry_statues_pillars,
          serial_shops, nicolae_shop_trees, uniq_menkaure
D:7:      nicolae_tso_carved_into_rock, gammafunk_temple_overflow_forgotten,
          kennysheep_mini_moat
D:8:      kennysheep_housing_project, minmay_lair_entry_grove
Lair:1:   minmay_lair_oklob_items, lemuel_fruit_tree, uniq_grum
Lair:2:   portal_ice_cave_entry_pillars_2, minmay_lair_oklob_chamber
IceCv:    ice_cave_caverns_01

Skill      XL: |  1  2  3  4  5  6  7  8  9 10 11 12 |
---------------+-------------------------------------+-----
Long Blades    | 3 4 5 6 7 8 9 11 12 14 | 14.9
Fighting       | 4 5 6 7 8 9 10 11 | 11.1
Armour         | 5 7 8 9 10 11 | 11.6
Throwing       | 1 2 4 5 6 |  6.5
Shields        | 4 6 7 |  7.2

Action                   |  1- 3 |  4- 6 |  7- 9 | 10-12 || total
-------------------------+-------+-------+-------+-------++-------
Melee: Long sword        |   122 |   134 |   285 |    85 ||   626
       Falchion          |       |       |   102 |     8 ||   110
       Double sword      |       |       |       |   290 ||   290
 Fire: Blowgun           |       |       |       |    17 ||    17
Throw: Stone             |       |     2 |       |       ||     2
       Tomahawk          |       |       |    36 |    17 ||    53
       Javelin           |       |       |       |     9 ||     9
Invok: Heroism           |       |     1 |    13 |     8 ||    22
 Abil: Hop               |       |     1 |     3 |     2 ||     6
  Use: Potion            |       |     2 |     4 |     9 ||    15
       Scroll            |       |     8 |     4 |    10 ||    22
  Eat: Chunk             |     2 |     6 |     6 |    12 ||    26
       Ration            |       |       |     4 |     1 ||     5
Armor: Scale mail        |    84 |    54 |   155 |    25 ||   318
       Plate armour      |       |       |       |   192 ||   192
Dodge: Dodged            |    52 |    28 |    79 |    69 ||   228
Block: Shield            |    86 |    50 |   158 |   159 ||   453
       Rpst.: Long sword |     7 |     8 |    14 |     9 ||    38
       Falchion          |       |       |     9 |       ||     9
       Double sword      |       |       |       |    12 ||    12

Table legend:
 A = Spawn XP
 B = Non-spawn XP
 C = Spawn XP percentage of total XP
 D = Spawn monster count
 E = Non-spawn monster count
 F = Spawn count percentage of total count
 G = Total turns spent on level
                    A         B        C        D         E        F      G
               +---------+---------+-------+---------+---------+-------+---------
         Total |       0 |   25789 |   0.0 |       0 |     282 |   0.0 | 12951
               +---------+---------+-------+---------+---------+-------+---------
           D:1 |       0 |      41 |   0.0 |       0 |      19 |   0.0 |   687
           D:2 |       0 |     233 |   0.0 |       0 |      24 |   0.0 |  1054
           D:3 |       0 |     248 |   0.0 |       0 |      36 |   0.0 |  1203
           D:4 |       0 |     566 |   0.0 |       0 |       7 |   0.0 |   808
           D:5 |       0 |    1153 |   0.0 |       0 |      17 |   0.0 |  1302
           D:6 |       0 |    1079 |   0.0 |       0 |      23 |   0.0 |  1852
           D:7 |       0 |     948 |   0.0 |       0 |      17 |   0.0 |  1621
           D:8 |       0 |    4748 |   0.0 |       0 |      53 |   0.0 |   902
           D:9 |       0 |    1290 |   0.0 |       0 |      18 |   0.0 |   578
        Lair:1 |       0 |    3064 |   0.0 |       0 |      18 |   0.0 |  1606
        Lair:2 |       0 |    5573 |   0.0 |       0 |      14 |   0.0 |   562
         IceCv |       0 |    6846 |   0.0 |       0 |      36 |   0.0 |   776
               +---------+---------+-------+---------+---------+-------+---------
